cohdb
Replays
Latest Replays
All Replays
Popular Replays
Top Player Replays
Match Explorer
How It Works
Community
CoH3 Stats
Reddit
Sign in to upload your games and track your stats! →
Sign in with Steam
Match 41975813
Unlisted
Match 41975813
Overview
Messages
Build Orders
End
Panzergrenadier Squad
Kradschützen Motorcycle Team
Selects Armored Support Battlegroup
Panzergrenadier Squad
Panzergrenadier Squad
Kradschützen Motorcycle Team
Panzergrenadier Squad
Construct Light Support Kompanie
Panzerjäger Mechanized Group
Construct Mechanized Kompanie
8 Rad Armored Car
Selects Veteran Gunners
(502) Bad Gateway
Wind
0
0
Comments
sign in to comment!
No comments posted yet!